 Dungeon Crawl Stone Soup version 0.30-a0-758-gc2c871d025 (webtiles) character file.

Game seed: 14015526235810304266

1506 DEFE the Cleaver (level 9, -4/61 HPs)
             Began as a Djinni Berserker on Feb 10, 2023.
             Was a Believer of Trog.
             Slain by an iguana (6 damage)
             ... on level 6 of the Dungeon.
             The game lasted 00:04:53 (5575 turns).

DEFE the Cleaver (Djinni Berserker)                 Turns: 5575, Time: 00:04:54

Health: -4/61      AC:  8    Str: 23    XL:     9   Next: 8%
Gold:   10         EV: 12    Int:  8    God:    Trog [**....] SH:  0 Dex: 14

rFire   + + .      SeeInvis .    a - +1 hand axe
rCold   . . .      Faith    .    (no shield)
rNeg    . . .      Spirit   .    e - +3 leather armour of Pandemonium {rC+ Str+3}
rPois   ∞          Reflect  .    k - +1 helmet
rElec   .          Harm     .    (no cloak)
rCorr   .          Rampage  .    (no gloves)
Will    .....                    (boots unavailable)
Stlth   +                        (no amulet)
HPRegen 0.30/turn                (no ring)
MPRegen 0.00/turn                (no ring)

@: about to teleport, on berserk cooldown, flying, slowed, very slow
A: sickness immunity, fire resistance 2, cold vulnerability 1, float, innate
caster, HP casting, extra vitality 1
a: Renounce Religion, Berserk, Trog's Hand


You were on level 6 of the Dungeon.
You worshipped Trog.
Trog was pleased with you.
You visited 1 branch of the dungeon, and saw 6 of its levels.

You collected 248 gold pieces.
You spent 238 gold pieces at shops.

Inventory:

Hand Weapons
 a - a +1 hand axe (weapon)
 y - a +0 war axe
Armour
 b - a +0 animal skin
 e - the +3 leather armour of Pandemonium (worn) {rC+ Str+3}
   (You found it on level 5 of the Dungeon)

   Str:       It affects your strength (+3).
   rC:        It protects you from cold.
 k - a +1 helmet (worn)
 l - a +0 ring mail
Wands
 m - a wand of mindburst (19)
 p - a wand of polymorph (21)
 r - a wand of iceblast (2)
 s - a wand of paralysis (7)
Scrolls
 c - a scroll of brand weapon
 d - a scroll of enchant weapon
 h - a scroll of vulnerability {unknown}
 i - 4 scrolls of teleportation
 n - 2 scrolls of torment
 o - 2 scrolls of enchant armour
 q - 2 scrolls of fog
 t - a scroll of immolation {unknown}
 u - a scroll of blinking {unknown}
 v - a scroll of silence {unknown}
 w - a scroll of amnesia
 x - a scroll of poison
Potions
 f - 2 potions of curing
 g - a potion of attraction
 j - 2 potions of heal wounds {unknown}


   Skills:
 - Level 3.6 Fighting
 + Level 8.8 Axes
 - Level 2.8 Armour
 - Level 3.2 Dodging


You couldn't memorise any spells.
You knew the following spells:

 Your Spells              Type           Power      Damage    Failure   Level
a - Sting                 Tmut/Pois      0%         1d3       45%         1
b - Wereblood             Tmut           0%         N/A       58%         2
c - Frozen Ramparts       Ice            0%         1d1       83%         3
d - Ignite Poison         Fire/Tmut/Pois 0%         N/A       83%         3
Your spell library was empty.

Dungeon Overview and Level Annotations

Branches:
Dungeon (6/15)             Temple (0/1) D:5

Altars:

Shops:
D:6 ?

Annotations:
D:4 3 runed translucent doors, Majang's ghost, amateur TeGl


Innate Abilities, Weirdness & Mutations

You are immune to sickness and miasma.
You are immune to poison.
Your flesh is very heat resistant. (rF++)
You are vulnerable to cold. (rC-)
You float through the air rather than walking.
You learn spells naturally, not from books.
Your magical power is your life essence.
You have superior vitality. (+4 MHP)


Message History

Unknown command.
You barely miss the iguana. You barely miss the ice beast.
The iguana bites you. The ice beast barely misses you.
The iguana bites you but does no damage.
The ice beast closely misses you.
You take 6 damage, and have 36/61 hp.
You hit the iguana but do no damage. You closely miss the ice beast.
The iguana bites you but does no damage.
The ice beast hits you. The ice beast freezes you!
You take 9 damage, and have 27/61 hp.
Unknown command.
You are too injured to fight recklessly!
Unknown command.
The ice beast attacks as you move away! The ice beast misses you.
The iguana barely misses you.
The ice beast hits you but does no damage.
Unknown command.
The ice beast attacks as you move away! The ice beast hits you.
The ice beast freezes you!
* * * LOW HITPOINT WARNING * * *
The iguana attacks as you move away! The iguana bites you!
* * * LOW HITPOINT WARNING * * *
You take 18 damage, and have 9/61 hp.
MASSIVE DAMAGE!!
Unknown command.
The iguana barely misses you.
Unknown command.
As you read the scroll of teleportation, it crumbles to dust.
You feel strangely unstable. The iguana bites you.
* * * LOW HITPOINT WARNING * * *
You take 2 damage, and have 7/61 hp.
Unknown command.
Unknown command.
The iguana bites you.
* * * LOW HITPOINT WARNING * * *
You take 5 damage, and have 2/61 hp.
Unknown command.
The iguana attacks as you move away! The iguana bites you.
You die...

###############
#..............
######.#.....#######
#..@loY##..#.##
#.####S##.....# #
#.S†.###... ##[#.#
.#.# ..S..# .....
#.#..... ...#.#
.....##s##.. .. ..
##.# .# .#. .. .


You could see an ice beast, an iguana, an adder and an orc.

Vanquished Creatures
  2 steam dragons
  An ice beast (D:4)
  3 ogres (D:5)
  A centaur (D:5)
  A necrophage (D:6)
  5 scorpions
  2 howler monkeys (D:5)
  5 hounds
  A jelly (D:6)
  An orc priest (D:6)
  An orc wizard (D:6)
  An iguana (D:5)
  5 adders
  7 gnolls (D:5)
  An ufetubus (D:5)
  2 worms
  2 dart slugs
  4 orcs
  5 endoplasms
  A giant cockroach (D:4)
  6 goblins
  5 hobgoblins
  3 jackals (D:1)
  A quokka (D:2)
  6 ball pythons
  4 bats
  4 frilled lizards
  6 kobolds
  3 rats
89 creatures vanquished.

Vanquished Creatures (others)
  An adder (D:6)
1 creature vanquished.

Grand Total: 90 creatures vanquished

Notes
Turn   | Place    | Note
-------+----------+-------------------------------------------
     0 | D:1      | DEFE the Djinni Berserker began the quest for the Orb.
     0 | D:1      | Reached XP level 1. HP: 20/20 MP: 0/0
   129 | D:1      | Reached XP level 2. HP: 25/25 MP: 0/0
   419 | D:1      | Reached XP level 3. HP: 30/30 MP: 0/0
   419 | D:1      | Learned a level 1 spell: Sting
   778 | D:2      | Found a faded altar of an unknown god.
  1397 | D:3      | Reached XP level 4. HP: 32/35 MP: 0/0
  1659 | D:3      | Reached ** piety under Trog
  2704 | D:4      | Reached skill level 3 in Axes
  2787 | D:4      | Found a runed translucent gate.
  2788 | D:4      | Found a runed translucent gate.
  2789 | D:4      | Found a runed translucent gate.
  2794 | D:4      | Reached XP level 5. HP: 39/40 MP: 0/0
  2794 | D:4      | Learned a level 2 spell: Wereblood
  2823 | D:4      | Noticed Majang's ghost (amateur TeGl)
  2825 | D:4      | Identified the +1 leather armour "Fonun" {rN+}
  2977 | D:4      | Reached skill level 4 in Axes
  3127 | D:4      | Noticed an ice beast
  3139 | D:4      | Killed an ice beast
  3140 | D:4      | Reached XP level 6. HP: 20/46 MP: 0/0
  3381 | D:5      | Entered Level 5 of the Dungeon
  3433 | D:5      | Noticed an ogre
  3441 | D:5      | Killed an ogre
  3442 | D:5      | Reached skill level 5 in Axes
  3602 | D:5      | Reached XP level 7. HP: 45/50 MP: 0/0
  3602 | D:5      | Learned a level 3 spell: Frozen Ramparts
  3896 | D:5      | Found a staircase to the Ecumenical Temple.
  3947 | D:5      | HP: 1/75 [howler monkey (4)]
  3951 | D:5      | Reached skill level 6 in Axes
  4245 | D:5      | Identified the +0 ring mail of the Tundras {rF+}
  4562 | D:5      | Reached XP level 8. HP: 57/57 MP: 0/0
  4658 | D:5      | Reached skill level 7 in Axes
  4883 | D:5      | Identified the +3 leather armour of Pandemonium {rC+ Str+3}
  5217 | D:6      | Found Usugu's Magic Scroll Shop.
  5250 | D:6      | Bought a scroll of teleportation for 42 gold pieces
  5250 | D:6      | Bought a scroll of identify for 28 gold pieces
  5250 | D:6      | Bought a scroll of fog for 56 gold pieces
  5250 | D:6      | Bought a scroll of identify for 28 gold pieces
  5250 | D:6      | Bought a scroll of teleportation for 42 gold pieces
  5250 | D:6      | Bought a scroll of teleportation for 42 gold pieces
  5293 | D:6      | Reached skill level 8 in Axes
  5559 | D:6      | Reached XP level 9. HP: 61/61 MP: 0/0
  5559 | D:6      | Learned a level 3 spell: Ignite Poison
  5574 | D:6      | HP: 2/61 [iguana (5)]
  5575 | D:6      | Slain by an iguana

Illustrated notes

Levels and vault maps discovered:
D:1:      doesnt_arrival_eight_statues, layout_rooms, serial_curves,
          eino_curves_03, eino_curves_02
D:2:      layout_loops_ring, ebering_ecumenical_altar_abandoned
D:3:      layout_loops_corners
D:4:      layout_basic, biasface_ghost_orc_armoury
D:5:      layout_gridville, minmay_temple_entry_drinking_statues,
          glass_columns_a, chequers_serial_rivers_room_a
D:6:      layout_loops_ring, nicolae_overflow_hidden_temple, serial_shops,
          kennysheep_little_box, nicolae_stop_n_shop_1, amethyst_killhole,
          minmay_fractal_squares_5, uniq_edmund

Skill      XL: |  1  2  3  4  5  6  7  8 |
---------------+-------------------------+-----
Dodging        | 3 |  3.2
Axes           | 3 4 5 6 8 |  8.8
Fighting       | |  3.6
Armour         | |  2.8

Action                     |  1- 3 |  4- 6 |  7- 9 || total
---------------------------+-------+-------+-------++-------
  Melee: Hand axe          |    95 |   146 |   175 ||   416
         Punch             |     2 |     2 |     3 ||     7
  Throw: Throwing net      |       |       |     1 ||     1
 Invoke: Berserk           |       |     2 |     8 ||    10
         Trog's Hand       |       |       |     3 ||     3
  Evoke: Wand              |       |       |     1 ||     1
    Use: Scroll            |       |       |     8 ||     8
         Potion            |       |       |     2 ||     2
   Stab: Sleeping          |     2 |       |       ||     2
 Armour: Animal skin       |     8 |       |       ||     8
         Ring mail         |    18 |    45 |    36 ||    99
         Leather armour    |       |       |    26 ||    26
  Dodge: Dodged            |    66 |    91 |   118 ||   275

Table legend: (Time is in decaauts)
 A = Elapsed time spent in this place.
 B = Non-inter-level travel time spent in this place.
 C = Inter-level travel time spent in this place.
 D = Time resting spent in this place.
 E = Time spent auto-exploring this place.
 F = Levels seen in this place.
 G = Mean time per level.
                   A        B        C        D        E       F      G
               +--------+--------+--------+--------+--------+-----+--------+
         Total |   5691 |   5497 |    194 |   1469 |   3120 |   6 |  948.5 |
       Dungeon |   5691 |   5497 |    194 |   1469 |   3120 |   6 |  948.5 |
               +--------+--------+--------+--------+--------+-----+--------+

Top non-repeatable levels by time:
     D:5: 1896 daAuts
     D:4: 1216 daAuts
     D:3: 839 daAuts
     D:1: 697 daAuts
     D:2: 674 daAuts
     D:6: 366 daAuts
